 Dungeon Crawl Stone Soup version 0.32-a0-485-g70f7560b1c (webtiles) character file.

Game seed: 16379053671111250819

4048 ezpacito the Trooper (level 10, 0/102 HPs)
             Began as a Demonspawn Chaos Knight on Feb 27, 2024.
             Was a Plaything of Xom.
             Slain by Joseph
             ... wielding a +0 spectral quarterstaff
              (9 damage)
             ... on level 8 of the Dungeon.
             The game lasted 00:10:53 (6287 turns).

ezpacito the Trooper (Demonspawn Chaos Knight)      Turns: 6287, Time: 00:10:54

Health: 0/102      AC: 25    Str: 14 (17) XL:     10   Next: 4%
Magic:  0/16       EV:  2    Int: 15 (16) God:    Xom [.*....]
Gold:   345        SH:  4    Dex: 12 (13) Spells: 2/17 levels left

rFire   . . .        a - +0 hand axe (chaos)
rCold   . . .        (no shield)
rNeg    . . .        b - melded +3 leather armour
rPois   +            (helmet currently unavailable)
rElec   .            (cloak currently unavailable)
rCorr   .            j - melded +1 pair of gloves
SInv    .            (boots currently unavailable)
Will    .....        m - amulet of guardian spirit
Stlth   ++           p - ring of wizardry
HPRegen 0.37/turn    (no ring)
MPRegen 0.15/turn

%: guardian spirit, wizardry (x1)
@: tree-form, attractive, hasted, very quick
A: stationary, stasis, torment immunity, boosted hp, (hooves 2), (horns 2),
powered by death 2, condensation shield, (weakness stinger 2), clever 1, frail
1, (poison resistance), (shaggy fur 1), strong 1, wild magic 1, MP-powered
wands, (sturdy frame 2)
a: Renounce Religion


You were on level 8 of the Dungeon.
You worshipped Xom.
You were a plaything of Xom.
You were a tree.
You visited 2 branches of the dungeon, and saw 9 of its levels.

You collected 345 gold pieces.

Inventory:

Hand Weapons
 a - a +0 hand axe of chaos (weapon)
 z - a +0 broad axe
Missiles
 i - 6 poisoned darts (quivered)
 l - 5 boomerangs
 n - a curare-tipped dart
Armour
 b - a +3 leather armour (melded)
 h - a +0 plate armour
 j - a +1 pair of gloves (melded)
Magical Staves
 A - the staff "Tiasurph" {+Blink Fly rElec rF- rC+ Earth}
   (You found it on level 5 of the Dungeon)

   [staff of earth]

   Base accuracy: +5 Base damage: 5 Base attack delay: 1.2 This weapon's minimum
   attack delay (0.6) is reached at skill level 12.
   rF-:       It makes you vulnerable to fire.
   rC+:       It protects you from cold.
   rElec:     It insulates you from electricity.
   Fly:       It grants you flight.
   +Blink:    It lets you blink.
   Earth:     It increases the power of your Earth spells.
   It falls into the 'Staves' category.
   It is a one-handed weapon.
Jewellery
 m - an amulet of guardian spirit (around neck)
 p - a ring of wizardry (left branch)
Talismans
 e - a blade talisman
 k - a maw talisman
Wands
 c - a wand of mindburst (6)
 f - a wand of paralysis (1)
 D - a wand of polymorph (6)
Scrolls
 d - a scroll of poison
 q - a scroll of teleportation
 w - 2 scrolls of vulnerability
Potions
 v - 2 potions of brilliance
 x - 3 potions of degeneration


   Skills:
 * Level 5.7 Fighting
 * Level 5.1(5.5) Axes
 + Level 2.9(4.4) Polearms
 * Level 4.8 Armour
 * Level 4.2 Dodging
 + Level 3.3 Stealth
 * Level 4.2 Unarmed Combat
 * Level 4.3 Spellcasting
 + Level 2.3 Hexes
 + Level 1.9 Summonings
 * Level 3.5 Necromancy
 + Level 2.2 Ice Magic
 + Level 1.7 Earth Magic
 + Level 1.7 Evocations


You had 2 spell levels left.
You knew the following spells:

 Your Spells              Type           Power      Damage    Failure   Level
a - Metabolic Englaciati  Hex/Ice        6%         N/A       63%         5
b - Ozocubu's Armour      Ice            13%        N/A       12%         3
c - Martyr's Knell        Necr/Summ      14%        N/A       28%         4
d - Vampiric Draining     Necr           17%        2d7       7%          3

Your spell library contained the following spells:

 Spells                   Type           Power      Damage    Failure   Level
 Necrotise                Necr           68%        1d7       2%          1
 Jinxbite                 Hex            26%        N/A       6%          2
 Dazzling Flash           Conj/Hex       16%        N/A       17%         3
 Mephitic Cloud           Conj/Alch/Air  4%         N/A       26%         3
 Curse of Agony           Necr           17%        N/A       47%         5
 Silence                  Hex/Air        4%         N/A       77%         5
 Yara's Violent Unravell  Hex/Alch       4%         3d4       77%         5
 Iskenderun's Battlesphe  Conj           4%         2d6       89%         5
 Sculpt Simulacrum        Ice/Alch       4%         N/A       99%         6
 Bombard                  Conj/Erth      3%         9d1       100%        6
 Enfeeble                 Hex            6%         N/A       100%        7
 Spellforged Servitor     Conj/Summ      4%         N/A       100%        7


Dungeon Overview and Level Annotations

Branches:
Dungeon (8/15)             Temple (1/1) D:5            Lair (0/5) D:8

Altars:
Ashenzari
Cheibriados
Dithmenos
Gozag
Hepliaklqana
Kikubaaqudgha
Makhleb
Nemelex Xobeh
Okawaru
Qazlal
Sif Muna
Trog
Uskayaw
Vehumet
Wu Jian
Xom
Yredelemnul

Shops:
D:7 (

Annotations:
D:8 Joseph


Innate Abilities, Weirdness & Mutations

You are a tree.
Your roots penetrate the ground, keeping you stationary.
You cannot be teleported.
You are immune to unholy pain and torment.
Your maximum health is greatly increased.
Your equipment is partially melded.
((You have hoof-like feet.))
((You have a pair of horns on your head.))
You regenerate health from kills.
A meltable shield of frost defends you. (SH +4)
((You have a tail ending in a sharp stinger.))
Your mind is acute. (Int +4, Str/Dex -1)
You are frail. (-10% HP)
((Your system is resistant to poisons. (rPois)))
((You are covered in fur. (AC +1)))
Your muscles are strong. (Str +4, Int/Dex -1)
Your spells are a little harder to cast, but a little more powerful.
You expend magic power (3 MP) to strengthen your wands.
((Your movements are less encumbered by armour. (ER -4)))


Message History

The iron imp suddenly stops moving!
The quasit bites you but does no damage.
The quasit claws you but does no damage.
You block the quasit's attack.
Joseph hits you with a +0 spectral quarterstaff.
* * * LOW HITPOINT WARNING * * *
The +0 spectral quarterstaff completely misses you.
You hit Joseph.
Joseph convulses.
Joseph is heavily wounded.
You hit the quasit but do no damage.
The helpless iron imp fails to defend itself.
You hit the iron imp.
You closely miss the +0 spectral quarterstaff.
The centaur shoots an arrow.
The arrow hits you.
* * * LOW HITPOINT WARNING * * *
The quasit bites you but does no damage.
You block the quasit's attack.
The quasit claws you but does no damage.
The white imp gestures at you.
The puff of frost hits you but does no damage.
The air fills with toxic fumes!
As you read the scroll of poison, it crumbles to dust.
The iron imp is no longer paralysed.
The centaur shoots an arrow.
The arrow hits you.
* * * LOW HITPOINT WARNING * * *
You block Joseph's attack.
The +0 spectral quarterstaff hits you but does no damage.
The quasit bites you but does no damage.
The quasit claws you but does no damage. x2
You hit Joseph. You freeze Joseph.
Joseph is heavily wounded.
You barely miss the quasit. You hit the iron imp.
You hit the +0 spectral quarterstaff but do no damage.
The centaur shoots an arrow.
The arrow hits you but does no damage. You block the quasit's attack.
The quasit claws you but does no damage. x2
Joseph tries to grin evilly.
Joseph hits you with a +0 spectral quarterstaff!
You die...
Xom bursts into laughter!

...........##.......#
.........).#...###..#
.P......>...........#
...>#####.......#...#
....# #...###.#...#
.P..# #........#...#
... ....#
#......#.....§#......
.♣..# ...###
#§###.§#...... ....#
.. #55♣(c§#.....# ..
#§§§§5#@5.#.....#.
#§###§#55§§§......
#...§§#§§§§§§§...5
#§§~§§§§§§§....
#§###§§§§§§....
#§...§§§§§§....
.§§.#.§§§§§§.... ###
#...##......


You could see Joseph (strong, drained), a +0 spectral quarterstaff, a centaur,
an iron imp (summoned), a quasit (summoned), a white imp, a shadow imp
(summoned) and 2 ufetubi.

Vanquished Creatures
  A cyclops (D:7)
  Sigmund (D:2)
  2 wyverns (D:8)
  A basilisk (D:8)
  A steam dragon (D:7)
  2 water moccasins (D:8)
  2 orc warriors
  2 sky beasts
  3 black bears
  2 ogres (D:5)
  2 wolves (D:8)
  A centaur (D:5)
  4 phantoms
  A kobold brigand (D:8)
  3 bullfrogs (D:8)
  2 scorpions
  A killer bee (D:8)
  2 bombardier beetles (D:4)
  A jelly (D:6)
  4 hounds (D:5)
  6 orc priests
  2 iguanas
  2 orc wizards (D:6)
  Natasha (thrice) (D:2)
  9 gnolls
  7 adders
  A white imp (D:6)
  A dart slug (D:5)
  A ribbon worm (D:2)
  32 orcs
  10 ball pythons
  3 bats
  8 endoplasms
  2 giant cockroaches
  3 goblins
  12 hobgoblins
  10 jackals
  10 kobolds
  3 quokkas (D:2)
  2 frilled lizards
  2 rats (D:2)
167 creatures vanquished.

Vanquished Creatures (collateral kills)
  An orc (D:3)
  A kobold (D:3)
2 creatures vanquished.

Vanquished Creatures (others)
  A yak (D:8)
1 creature vanquished.

Grand Total: 170 creatures vanquished

Notes
Turn   | Place    | Note
-------+----------+-------------------------------------------
     0 | D:1      | ezpacito the Demonspawn Chaos Knight began the quest for
                  | the Orb.
     0 | D:1      | Reached XP level 1. HP: 18/18 MP: 1/1
     8 | D:1      | XOM: silly message
   210 | D:1      | Reached skill level 1 in Dodging
   283 | D:1      | Discovered your monstrous ancestry.
   283 | D:1      | Gained mutation: You have a small tail. [demonic ancestry]
   283 | D:1      | Reached XP level 2. HP: 22/24 MP: 2/2
   413 | D:1      | XOM: give mutation
   413 | D:1      | Gained mutation: Armour fits poorly on your strangely
                  | shaped body. [Xom's mischief]
  1008 | D:2      | Gained mutation: You have a tail ending in a sharp stinger.
                  | [demonic ancestry]
  1008 | D:2      | Reached XP level 3. HP: 23/29 MP: 4/4
  1169 | D:2      | Reached skill level 1 in Spellcasting
  1174 | D:2      | XOM: 2-stop teleportation journey
  1209 | D:2      | Reached skill level 1 in Unarmed Combat
  1266 | D:2      | Gained mutation: You have large cloven feet. [demonic
                  | ancestry]
  1266 | D:2      | Reached XP level 4. HP: 34/35 MP: 5/5
  1420 | D:2      | Noticed Sigmund
  1426 | D:2      | XOM: divination: magic mapping
  1443 | D:2      | Killed Sigmund
  1444 | D:2      | Reached skill level 1 in Polearms
  1444 | D:2      | Reached skill level 1 in Stealth
  1444 | D:2      | Gained mutation: You have a pair of small horns on your
                  | head. [demonic ancestry]
  1444 | D:2      | Reached XP level 5. HP: 24/42 MP: 2/7
  1523 | D:2      | Noticed Natasha
  1527 | D:2      | Killed Natasha
  1528 | D:2      | Gained mutation: You regenerate a little health from kills.
                  | [demonic ancestry]
  1528 | D:2      | Reached XP level 6. HP: 40/48 MP: 6/8
  1722 | D:2      | Noticed Natasha
  1728 | D:2      | Killed Natasha
  1777 | D:2      | XOM: give mutation
  1777 | D:2      | Gained mutation: Your system is resistant to poisons.
                  | (rPois) [Xom's grace]
  1929 | D:2      | Noticed Natasha
  1934 | D:2      | XOM: smoke on damage
  1936 | D:2      | Killed Natasha
  2023 | D:3      | XOM: cast spell 'Monstrous Menagerie'
  2098 | D:3      | XOM: give mutations
  2098 | D:3      | Gained mutation: Your flesh is cold resistant. (rC+) [Xom's
                  | grace]
  2098 | D:3      | Gained mutation: Your muscles are strong. (Str +4, Int/Dex
                  | -1) [Xom's grace]
  2098 | D:3      | Gained mutation: You have hidden genetic potential. [Xom's
                  | grace]
  2171 | D:3      | Learned a level 5 spell: Metabolic Englaciation
  2175 | D:3      | Learned a level 3 spell: Ozocubu's Armour
  2175 | D:3      | XOM: scenery: summon butterflies
  2213 | D:3      | Found a hazy altar of Hepliaklqana.
  2213 | D:3      | Found an ornate altar of the Wu Jian Council.
  2811 | D:4      | Gained mutation: You have hoof-like feet. [demonic
                  | ancestry]
  2811 | D:4      | Reached XP level 7. HP: 54/54 MP: 10/10
  2868 | D:4      | Gained mutation: You are partially covered in iridescent
                  | scales. (AC +2) [hidden potential]
  2922 | D:4      | XOM: give mutations
  2922 | D:4      | Gained mutation: You are agile. (Dex +4, Str/Int -1) [Xom's
                  | grace]
  2922 | D:4      | Gained mutation: Your movements are slightly less
                  | encumbered by armour. (ER -2) [Xom's grace]
  2922 | D:4      | Gained mutation: Your mind is acute. (Int +4, Str/Dex -1)
                  | [Xom's grace]
  3195 | D:5      | Entered Level 5 of the Dungeon
  3364 | D:5      | Reached skill level 1 in Ice Magic
  3469 | D:5      | Found a staircase to the Ecumenical Temple.
  3485 | D:5      | Reached skill level 1 in Hexes
  3487 | Temple   | Entered the Ecumenical Temple
  3544 | D:5      | XOM: silly message
  3581 | D:5      | Identified the staff "Tiasurph" {+Blink Fly rElec rF- rC+
                  | Earth}
  3622 | D:5      | Gained mutation: You have a pair of horns on your head.
                  | [demonic ancestry]
  3622 | D:5      | Reached XP level 8. HP: 21/61 MP: 3/12
  3794 | D:5      | Gained mutation: You have a pair of large horns on your
                  | head. [hidden potential]
  3794 | D:5      | Lost mutation: You have hidden genetic potential. [hidden
                  | potential expressed]
  3796 | D:5      | XOM: 7-stop teleportation journey
  3903 | D:5      | Learned a level 4 spell: Martyr's Knell
  4115 | D:6      | Found a hide-covered altar of Uskayaw.
  4249 | D:6      | Found a broken altar of Ashenzari.
  4407 | D:6      | XOM: give mutations
  4407 | D:6      | Lost mutation: You are partially covered in iridescent
                  | scales. (AC +2) [Xom's mischief]
  4407 | D:6      | Lost mutation: You have a pair of large horns on your head.
                  | [Xom's mischief]
  4407 | D:6      | Gained mutation: Your muscles are very strong. (Str +8,
                  | Int/Dex -2) [Xom's mischief]
  4456 | D:6      | XOM: draining
  4457 | D:6      | XOM: confusion
  4463 | D:6      | Lost mutation: Your flesh is cold resistant. (rC+) [potion
                  | of mutation]
  4463 | D:6      | Lost mutation: You are agile. (Dex +4, Str/Int -1) [potion
                  | of mutation]
  4463 | D:6      | Lost mutation: Your muscles are very strong. (Str +8,
                  | Int/Dex -2) [potion of mutation]
  4463 | D:6      | Gained mutation: Your spells are a little harder to cast,
                  | but a little more powerful. [potion of mutation]
  4463 | D:6      | Gained mutation: You expend magic power (3 MP) to
                  | strengthen your wands. [potion of mutation]
  4468 | D:6      | XOM: 2-stop teleportation journey
  4748 | D:6      | XOM: noise
  4753 | D:6      | Reached skill level 1 in Necromancy
  5100 | D:6      | XOM: summons 1 hostile shadow creature
  5236 | D:7      | XOM: polymorph gnoll bouda -> orc
  5333 | D:6      | XOM: give mutations
  5333 | D:6      | Lost mutation: Armour fits poorly on your strangely shaped
                  | body. [Xom's mischief]
  5333 | D:6      | Gained mutation: You are frail. (-10% HP) [Xom's mischief]
  5333 | D:6      | Gained mutation: Your movements are less encumbered by
                  | armour. (ER -4) [Xom's mischief]
  5389 | D:7      | XOM: swap monsters
  5434 | D:7      | Found a radiant altar of Vehumet.
  5503 | D:7      | Found Hetaepebie's Antique Weapon Boutique.
  5569 | D:7      | XOM: confusion
  5573 | D:7      | Noticed Prince Ribbit
  5590 | D:7      | Reached skill level 1 in Evocations
  5590 | D:7      | Prince Ribbit changed into Prince Ribbit the cyclops
  5590 | D:7      | Noticed Prince Ribbit
  5590 | D:7      | XOM: polymorph Prince Ribbit -> Prince Ribbit the cyclops
  5593 | D:7      | Reached skill level 5 in Fighting
  5594 | D:7      | XOM: swap monsters
  5597 | D:7      | Killed Prince Ribbit the cyclops
  5598 | D:7      | Reached skill level 1 in Summonings
  5598 | D:7      | Reached skill level 1 in Earth Magic
  5598 | D:7      | Gained mutation: You regenerate health from kills. [demonic
                  | ancestry]
  5598 | D:7      | Reached XP level 9. HP: 44/61 MP: 3/14
  5620 | D:7      | Learned a level 3 spell: Vampiric Draining
  5854 | D:7      | XOM: give mutation
  5854 | D:7      | Gained mutation: You are covered in fur. (AC +1) [Xom's
                  | mischief]
  5953 | D:8      | XOM: smoke on damage
  5977 | D:8      | XOM: silly message
  5992 | D:8      | Reached skill level 5 in Axes
  6040 | D:8      | Found a staircase to the Lair.
  6096 | D:8      | XOM: enchant monster (good)
  6159 | D:8      | Found an opulent altar of Gozag.
  6241 | D:8      | XOM: cast spell 'Summon Small Mammal'
  6247 | D:8      | XOM: smoke on damage
  6249 | D:8      | Gained mutation: A meltable shield of frost defends you.
                  | (SH +4) [demonic ancestry]
  6249 | D:8      | Reached XP level 10. HP: 29/68 MP: 6/16
  6270 | D:8      | Noticed Joseph
  6281 | D:8      | XOM: summons 6 hostile demons
  6287 | D:8      | Slain by Joseph

Illustrated notes

Levels and vault maps discovered:
D:1:      kilobyte_arrival_exit_the_forest, layout_loops_ring,
          chequers_serial_rivers_room_b
D:2:      layout_loops_cross, minmay_vboxes, uniq_natasha, uniq_sigmund
D:3:      layout_basic, minitemple
D:4:      layout_cave_pools, elyvilon_altar_5
D:5:      layout_loops_cross, minmay_temple_entry_sparse_star
D:6:      layout_loops_ring, eat_drink_and_be_merry_uskayaw,
          mainiacjoe_overflow_paths, chequers_serial_rivers_micro_a
D:7:      layout_cave_pools, nicolae_vehumet_altar_sigil, nicolae_stop_n_shop_1,
          uniq_prince_ribbit1
D:8:      hangedman_cross_stitches, layout_basic,
          mainiacjoe_overflow_six_doors_small, grunt_gozag_statues,
          minmay_lair_entry_grove, uniq_joseph
Temple:   dshaligram_water_room_temple

Skill      XL: |  1  2  3  4  5  6  7  8  9 |
---------------+----------------------------+-----
Dodging        | 1 2 3 4 |  4.2
Armour         | 2 3 4 |  4.8
Spellcasting   | 1 2 3 4 |  4.3
Unarmed Combat | 1 2 3 4 |  4.2
Axes           | 3 4 5 |  5.1
Polearms       | 1 2 |  2.9
Stealth        | 1 2 3 |  3.3
Fighting       | 4 5 |  5.7
Ice Magic      | 1 2 |  2.2
Hexes          | 1 2 |  2.3
Necromancy     | 2 3 |  3.5
Evocations     | 1 |  1.7
Summonings     | 1 |  1.9
Earth Magic    | 1 |  1.7

Action                     |  1- 3 |  4- 6 |  7- 9 | 10-12 || total
---------------------------+-------+-------+-------+-------++-------
  Melee: Hand axe          |    76 |    97 |   220 |    20 ||   413
         Tailslap          |     8 |     6 |    32 |     1 ||    47
         Kick              |       |    25 |    77 |     4 ||   106
         Headbutt          |       |    17 |    55 |     1 ||    73
  Evoke: Wand              |       |       |       |     4 ||     4
    Use: Scroll            |       |     5 |    12 |     3 ||    20
         Potion            |       |       |     8 |     4 ||    12
   Stab: Paralysed         |     1 |       |     4 |     1 ||     6
         Confused          |     1 |       |       |       ||     1
         Sleeping          |       |     2 |     8 |       ||    10
 Armour: Leather armour    |    38 |    62 |   167 |     9 ||   276
         Skin              |       |       |       |    29 ||    29
  Dodge: Dodged            |    47 |    66 |   157 |     4 ||   274
  Block: Other             |       |       |       |     9 ||     9

Table legend: (Time is in decaauts)
 A = Elapsed time spent in this place.
 B = Non-inter-level travel time spent in this place.
 C = Inter-level travel time spent in this place.
 D = Time resting spent in this place.
 E = Time spent auto-exploring this place.
 F = Levels seen in this place.
 G = Mean time per level.
                   A        B        C        D        E       F      G
               +--------+--------+--------+--------+--------+-----+--------+
         Total |   6289 |   5800 |    489 |    559 |   4019 |   9 |  698.8 |
       Dungeon |   6249 |   5760 |    489 |    559 |   3981 |   8 |  781.1 |
        Temple |     39 |     39 |      0 |      0 |     38 |   1 |   39.0 |
               +--------+--------+--------+--------+--------+-----+--------+

Top non-repeatable levels by time:
     D:5: 1089 daAuts
     D:2: 1035 daAuts
     D:6: 943 daAuts
     D:1: 939 daAuts
     D:3: 713 daAuts
     D:7: 668 daAuts
     D:4: 539 daAuts
     D:8: 319 daAuts
  Temple: 39 daAuts
